 Dungeon Crawl Stone Soup version 0.28.0-53-g5a82cb258f (webtiles) character file.

Game seed: 2221659753325555741

50 Zeld the Ogre Mage (level 3, 0/35 HPs)
             Began as an Ogre Transmuter on May 22, 2022.
             Succumbed to an adder's poison
             ... on level 2 of the Dungeon.
             The game lasted 00:01:50 (2407 turns).

Zeld the Ogre Mage (Ogre Transmuter)                Turns: 2407, Time: 00:01:50

Health: 0/35       AC:  3    Str: 16    XL:     3   Next: 79%
Magic:  6/7        EV:  9    Int: 14    God:
Gold:   142        SH:  0    Dex:  9    Spells: 2/8 levels left

rFire   . . .      SeeInvis .     - Unarmed
rCold   . . .      Faith    .   (no shield)
rNeg    . . .      Spirit   .   a - +0 robe
rPois   .          Reflect  .   (helmet currently unavailable)
rElec   .          Harm     .   (no cloak)
rCorr   .          Rampage  .   (gloves unavailable)
Will    .....                   (boots unavailable)
Stlth   +.........              (no amulet)
HPRegen 0.11/turn               (no ring)
MPRegen 0.10/turn               (no ring)

@: lethally poisoned (0 -> -7), appendages
A: horns 2, talons 2, large, unfitting armour, tough skin 1
a: End Transformation


You were on level 2 of the Dungeon.
You had temporarily grown beastly horns and talons.
You visited 1 branch of the dungeon, and saw 4 of its levels.

You collected 142 gold pieces.

Inventory:

Armour
 a - a +0 robe (worn)
Scrolls
 b - a scroll of holy word {unknown}
 d - a scroll of blinking {unknown}
 f - a scroll of fear {unknown}
 g - a scroll of enchant weapon {unknown}
 i - a scroll of immolation {unknown}
 j - a scroll of noise {unknown}
 l - a scroll of vulnerability {unknown}
 m - a scroll of identify {unknown}
Potions
 c - a potion of mutation {unknown}
 e - a potion of ambrosia {unknown}
 h - a potion of magic {unknown}
 k - a potion of cancellation {unknown}


   Skills:
 + Level 1.9 Fighting
 - Level 1.7 Dodging
 - Level 2.6 Unarmed Combat
 * Level 3.3 Spellcasting
 * Level 2.3 Transmutations
 + Level 0.9 Ice Magic
 + Level 0.5 Poison Magic


You had 2 spell levels left.
You knew the following spells:

 Your Spells              Type           Power      Damage    Failure   Level
a - Beastly Appendage     Tmut           18%        N/A       8%          1
b - Wereblood             Tmut           9%         N/A       12%         2
c - Spider Form           Tmut/Pois      6%         N/A       34%         3

Your spell library contained the following spells:

 Spells                   Type           Power      Damage    Failure   Level
 Poisonous Vapours        Pois/Air       6%         N/A       28%         2
 Corpse Rot               Necr/Air       4%         N/A       30%         2
 Sublimation of Blood     Necr           2%         N/A       30%         2
 Ice Form                 Ice/Tmut       7%         N/A       71%         4
 Petrify                  Tmut/Erth      5%         N/A       77%         4
 Metabolic Englaciation   Hex/Ice        1%         N/A       99%         5
 Statue Form              Tmut/Erth      3%         N/A       100%        6
 Summon Hydra             Summ           1%         N/A       100%        7


Dungeon Overview and Level Annotations

Branches:
Dungeon (4/15)
 Temple: D:4-7

Altars:

Shops:
D:2 (


Innate Abilities, Weirdness & Mutations

You have temporarily grown beastly horns and talons.
You are too large for most types of armour.
You have tough skin. (AC +1)


Message History

You are more poisoned.
The adder poisons you!
You closely miss the adder. You punch the adder, but do no damage.
The adder is lightly wounded.
You feel sick. The adder bites you but does no damage. The adder bites you.
You hit the adder but do no damage. You claw the adder.
The adder is lightly wounded.
You feel sick. The adder barely misses you.
You closely miss the adder. Your kick misses the adder.
Your headbutt misses the adder.
The adder is lightly wounded.
You feel sick. The adder bites you.
You miss the adder. Your kick misses the adder.
The adder is lightly wounded.
Your transformation is almost over.
You feel sick. The adder bites you.
You closely miss the adder. Your kick misses the adder.
The adder is lightly wounded.
You feel sick. The adder bites you.
You are more poisoned.
The adder poisons you! The adder bites you but does no damage.
You miss the adder. Your kick misses the adder.
The adder is lightly wounded.
You feel sick. The adder bites you but does no damage.
Casting: Beastly Appendage (safe; 8% risk of failure)
Confirm with . or Enter, or press ? or * to list all spells.
You extend your transformation's duration.
You feel sick. The adder bites you.
* * * LOW HITPOINT WARNING * * *
You are more poisoned.
The adder poisons you!
You barely miss the adder.
The adder is lightly wounded.
* * * LOW HITPOINT WARNING * * *
You feel sick. The adder bites you.
* * * LOW HITPOINT WARNING * * *
Unknown command.
You barely miss the adder. You claw the adder, but do no damage.
The adder is lightly wounded.
You die...

#..#..........######
#..#.............#
#..#..........##.#
#..#..........##.#
#..#..........##.#
#####..#..........##.#
.......#..........##.#
######.#..........##.#
### #.#........@..#.#
..## #.#........S..#.#
...# ####..........#.#
...# ########.#.#.#
...# #.#.#.# ...#
#.#.#.# ...# #.#.#.#
...# #.#.#.#
##.#############.#.#.#


You could see an adder.

Vanquished Creatures
  An adder (D:2)
  2 dart slugs (D:2)
  7 ball pythons
  6 bats
  3 endoplasms
  4 giant cockroaches
  3 hobgoblins
  A quokka (D:2)
  A frilled lizard (D:1)
  2 goblins
  2 kobolds
  5 rats
37 creatures vanquished.

Notes
Turn   | Place    | Note
-------+----------+-------------------------------------------
     0 | D:1      | Zeld the Ogre Transmuter began the quest for the Orb.
     0 | D:1      | Reached XP level 1. HP: 19/19 MP: 3/3
     7 | D:1      | Noticed a six-headed hydra
     7 | D:1      | Noticed a black bear
     8 | D:1      | Noticed a swamp worm
     8 | D:1      | Noticed a killer bee
    52 | D:1      | Found a faded altar of an unknown god.
   189 | D:1      | Reached XP level 2. HP: 19/27 MP: 3/5
   192 | D:1      | Learned a level 2 spell: Wereblood
   946 | D:2      | Reached skill level 3 in Spellcasting
  1202 | D:2      | Reached XP level 3. HP: 35/35 MP: 5/7
  1246 | D:2      | Learned a level 3 spell: Spider Form
  1442 | D:2      | Found Qyadd's Antique Weapon Emporium.
  2004 | D:2      | You fall into a shaft and drop 2 floors!
  2406 | D:2      | HP: 1/35 [adder (3)]
  2407 | D:2      | Succumbed to an adder's poison

Illustrated notes

Levels and vault maps discovered:
D:1:      onia_arrival_zoo_common, layout_loops_ring,
          hellmonk_ecumenical_altar_pennies_from_heaven, minmay_misc_feat_iff
D:2:      layout_basic, serial_shops, nicolae_square_shop
D:3:      layout_loops_ring
D:4:      layout_basic, trog_three_pillars_becter

Skill      XL: |  1  2 |
---------------+-------+-----
Transmutations | 2 |  2.3
Spellcasting   | 3 |  3.3
Fighting       | |  1.9
Dodging        | |  1.7
Unarmed Combat | |  2.6
Ice Magic      | |  0.9
Poison Magic   | |  0.5

Action                   || total
-------------------------++-------
Melee: Unarmed           ||   118
       Kick              ||    21
       Headbutt          ||    14
       Punch             ||     2
 Cast: Beastly Appendage ||    35
Armor: Robe              ||    41
Dodge: Dodged            ||    65
